 Dungeon Crawl Stone Soup version 0.31-a0-1405-g2bb1a01 (webtiles) character file.

Game seed: 17065752971310177354

67 samfromsteam the Trooper (level 4, -4/32 (41) HPs)
             Began as a Minotaur Fighter on Dec 25, 2023.
             Slain by Terence
             ... wielding a +4 hand axe of draining
              (7 damage)
             ... on level 3 of the Dungeon.
             The game lasted 00:06:21 (2112 turns).

samfromsteam the Trooper (Minotaur Fighter)         Turns: 2112, Time: 00:06:22

HP:   -4/32 (41)    AC:  7    Str: 23    XL:     4   Next: 0%
MP:   3/3           EV:  9    Int:  5    God:
Gold: 184           SH:  4    Dex:  9    Spells: 3/3 levels left

rFire   + . .        r - +2 dagger (freeze)
rCold   . . .        c - +0 buckler
rNeg    . . .        b - +0 scale mail
rPois   .            (helmet restricted)
rElec   .            (no cloak)
rCorr   .            (no gloves)
SInv    .            (no boots)
Will    .....        v - amulet of regeneration Stlth
                     j - ring of protection from fire
HPRegen 1.05/turn    (no ring)
MPRegen 0.08/turn

%: no passive effects
@: heavily drained
A: horns 2, retaliatory headbutt
a: no special abilities


You were on level 3 of the Dungeon.
You visited 1 branch of the dungeon, and saw 3 of its levels.

You collected 184 gold pieces.

Inventory:

Hand Weapons
 a - a +0 war axe
 i - a +4 short sword
 r - a +2 dagger of freezing (weapon)
Armour
 b - a +0 scale mail (worn)
 c - a +0 buckler (worn)
Jewellery
 j - a ring of protection from fire (left hand)
 v - an amulet of regeneration (around neck)
Talismans
 h - a beast talisman
Wands
 s - a wand of polymorph (3) (quivered)
 w - a wand of charming (9)
Scrolls
 e - 3 scrolls of identify {unknown}
 f - 2 scrolls of noise {unknown}
 l - a scroll of poison {unknown}
 m - a scroll of silence {unknown}
 o - a scroll of torment {unknown}
 p - a scroll of fear {unknown}
 q - a scroll of enchant armour {unknown}
 t - a scroll of enchant weapon {unknown}
 u - a scroll of vulnerability {unknown}
Potions
 d - a potion of might
 g - 3 potions of curing {unknown}
 k - a potion of invisibility {unknown}
 n - a potion of magic {unknown}


   Skills:
 + Level 4.3 Fighting
 + Level 3.3 Axes
 + Level 4.3 Armour
 + Level 1.0 Dodging
 - Level 4.0 Shields


You had 3 spell levels left.
You didn't know any spells.
Your spell library was empty.

Dungeon Overview and Level Annotations

Branches:
Dungeon (3/15)

Altars:
Sif Muna

Annotations:
D:3 2 runed translucent doors, Terence; rotlqkf's ghost, weakling OnBe


Innate Abilities, Weirdness & Mutations

You have a pair of horns on your head.
You reflexively headbutt those who attack you in melee.


Message History

You are too injured to fight recklessly!
You are too injured to fight recklessly!
You are too injured to fight recklessly!
You are too injured to fight recklessly!
You are too injured to fight recklessly!
You are too injured to fight recklessly!
Unknown command.
You barely miss Terence.
Terence is moderately wounded.
Terence hits you with a +4 hand axe of draining.
You feel drained.
You closely miss Terence.
Terence is moderately wounded.
You block Terence's attack.
You barely miss Terence. Your headbutt misses Terence.
Terence is moderately wounded.
You block Terence's attack.
You hit Terence but do no damage.
Terence is moderately wounded.
Terence closely misses you.
You hit Terence but do no damage.
Terence is moderately wounded.
Terence hits you with a +4 hand axe of draining.
You feel drained.
You hit Terence but do no damage.
Terence is moderately wounded.
Terence hits you with a +4 hand axe of draining!
You feel drained.
* * * LOW HITPOINT WARNING * * *
You hit Terence but do no damage.
Terence is moderately wounded.
Terence hits you with a +4 hand axe of draining.
* * * LOW HITPOINT WARNING * * *
You feel drained.
* * * LOW HITPOINT WARNING * * *
You hit Terence but do no damage.
Terence is moderately wounded.
Terence hits you with a +4 hand axe of draining!
You die...
Terence says, "Rest in peace."

.####...........####.#...###.....
.........†..........#............
.####...........##.#......##.....
.# #####...#######.#.....##.....
<### #...# ##..#...#######. ..<#
#...# #.......# #. ...# #...#
#..#....### #. ...#
##.#######.>#.#..#.## #. ...#
......@@...........## #. ...#
..#.##.##.####.##...# #. #### #.
#.####.####.#### .. #......#
#..... ##. #.###### ######
........# ......... ..########


You could see Terence.

Vanquished Creatures
  Ijyb (D:3)
  A worm (D:2)
  A dart slug (D:2)
  5 bats
  2 endoplasms
  2 giant cockroaches (D:2)
  3 goblins
  2 hobgoblins
  8 jackals
  2 kobolds
  A quokka (D:2)
  2 ball pythons
  3 frilled lizards
  A rat (D:3)
34 creatures vanquished.

Notes
Turn   | Place    | Note
-------+----------+-------------------------------------------
     0 | D:1      | samfromsteam the Minotaur Fighter began the quest for the
                  | Orb.
     0 | D:1      | Reached XP level 1. HP: 19/19 MP: 0/0
    48 | D:1      | Reached XP level 2. HP: 27/27 MP: 1/1
  1276 | D:2      | Reached XP level 3. HP: 33/33 MP: 2/2
  1703 | D:3      | Found a large runed translucent door.
  1703 | D:3      | Found a large runed translucent door.
  1706 | D:3      | Noticed rotlqkf's ghost (weakling OnBe)
  1830 | D:3      | Noticed Ijyb
  1950 | D:3      | Killed Ijyb
  1951 | D:3      | Reached skill level 1 in Dodging
  1972 | D:3      | Found a shimmering blue altar of Sif Muna.
  2018 | D:3      | Found a faded altar of an unknown god.
  2086 | D:3      | Reached XP level 4. HP: 41/41 MP: 3/3
  2099 | D:3      | Noticed Terence
  2111 | D:3      | HP: 2/32 [Terence/+4 hand axe of draining (2)]
  2112 | D:3      | Slain by Terence

Illustrated notes

Levels and vault maps discovered:
D:1:      minmay_arrival_three_doors, layout_loops_ring, minmay_liquid_box,
          serial_bayou_pond_d, kennysheep_flooded_box
D:2:      layout_loops_corners, minmay_small_reverse_x
D:3:      layout_loops_cross, lemuel_coloured_pillars_altar,
          basic_ecumenical_altar, ebering_ghost_disaster_area,
          minmay_misc_feat_pillars, uniq_terence, uniq_grinder, uniq_ijyb

Skill      XL: |  1  2  3 |
---------------+----------+-----
Fighting       | 4 |  4.3
Armour         | 4 |  4.3
Axes           | 3 |  3.3
Shields        | 4 |  4.0
Dodging        | 1 |  1.0

Action                     |  1- 3 |  4- 6 || total
---------------------------+-------+-------++-------
  Melee: War axe           |    18 |       ||    18
         Short sword       |    16 |       ||    16
         Headbutt          |    15 |       ||    15
         Dagger            |    76 |    10 ||    86
 Armour: Scale mail        |    98 |     8 ||   106
  Dodge: Dodged            |    49 |     1 ||    50
  Block: Buckler           |    19 |     2 ||    21

Table legend: (Time is in decaauts)
 A = Elapsed time spent in this place.
 B = Non-inter-level travel time spent in this place.
 C = Inter-level travel time spent in this place.
 D = Time resting spent in this place.
 E = Time spent auto-exploring this place.
 F = Levels seen in this place.
 G = Mean time per level.
                   A        B        C        D        E       F      G
               +--------+--------+--------+--------+--------+-----+--------+
         Total |   2122 |   2060 |     62 |     41 |   1642 |   3 |  707.3 |
       Dungeon |   2122 |   2060 |     62 |     41 |   1642 |   3 |  707.3 |
               +--------+--------+--------+--------+--------+-----+--------+

Top non-repeatable levels by time:
     D:2: 799 daAuts
     D:1: 763 daAuts
     D:3: 559 daAuts
